 Dungeon Crawl Stone Soup version 0.30-a0-1114-gd936c97349 (webtiles) character file.

Game seed: 5915141310007442503

442 NinjaNoafa the Caller (level 6, -1/24 HPs)
             Began as a Felid Summoner on Apr 19, 2023.
             Shot with an arrow by a centaur (12 damage)
             ... on level 3 of the Dungeon on Apr 20, 2023.
             The game lasted 00:07:22 (3772 turns).

NinjaNoafa the Caller (Felid Summoner)              Turns: 3772, Time: 00:07:23

Health: -1/24      AC:  2    Str:  4    XL:     6   Next: 71%
Magic:  5/14       EV: 17    Int: 18    God:
Gold:   208        SH:  0    Dex: 17    Spells: 5/14 levels left
                                        Lives:  0   Deaths: 1

rFire   . . .      SeeInvis +    (weapon unavailable)
rCold   . . .      Faith    .    (shield unavailable)
rNeg    . . .      Spirit   .    (body armour unavailable)
rPois   .          Reflect  .    (helmet unavailable)
rElec   .          Rampage  .    (cloak unavailable)
rCorr   .                        (gloves unavailable)
Will    .....                    (boots unavailable)
Stlth   ++                       (no amulet)
HPRegen 0.24/turn                (no ring)
MPRegen 0.14/turn                (no ring)

@: quick
A: very small, claws 1, fangs 3, see invisible, speed 1, shaggy fur 2, stealthy
paws, no weapons or thrown items, no armour, multi-lived
a: no special abilities


You were on level 3 of the Dungeon.
You visited 1 branch of the dungeon, and saw 5 of its levels.

You collected 208 gold pieces.

Inventory:

Wands
 o - a wand of iceblast (6)
Scrolls
 b - 7 scrolls of identify {unknown}
 d - 2 scrolls of noise {unknown}
 e - a scroll of enchant armour {unknown}
 f - a scroll of brand weapon {unknown}
 g - a scroll of fear {unknown}
 k - a scroll of teleportation {unknown}
 l - a scroll of blinking {unknown}
 m - a scroll of poison {unknown}
 n - a scroll of enchant weapon {unknown}
Potions
 a - a potion of magic
 c - a potion of might {unknown}
 h - 3 potions of heal wounds {unknown}
 i - a potion of resistance {unknown}
 j - a potion of curing {unknown}


   Skills:
 - Level 2.6 Dodging
 - Level 2.6 Stealth
 + Level 4.6 Spellcasting
 + Level 4.5 Hexes
 + Level 6.1 Summonings


You had 5 spell levels left.
You knew the following spells:

 Your Spells              Type           Power      Damage    Failure   Level
a - Summon Small Mammal   Summ           100%       N/A       1%          1
b - Call Imp              Summ           52%        N/A       1%          2
c - Call Canine Familiar  Summ           26%        N/A       3%          3
d - Summon Guardian Gole  Hex/Summ       23%        N/A       4%          3

Your spell library contained the following spells:

 Spells                   Type           Power      Damage    Failure   Level
 Tukima's Dance           Hex            20%        N/A       6%          3
 Dazzling Flash           Conj/Hex       24%        N/A       16%         3
 Summon Lightning Spire   Summ/Air       15%        N/A       36%         4
 Leda's Liquefaction      Hex/Erth       6%         N/A       47%         4
 Passage of Golubria      Tloc           4%         N/A       80%         4
 Yara's Violent Unravell  Hex/Tmut       6%         3d5       83%         5
 Blade Hands              Tmut           2%         N/A       98%         5
 Portal Projectile        Hex/Tloc       Unusable   N/A       N/A         3

Dungeon Overview and Level Annotations

Branches:
Dungeon (5/15)
 Temple: D:4-7

Altars:

Shops:
D:4 *


Innate Abilities, Weirdness & Mutations

You have sharp claws.
You have razor-sharp teeth.
You have supernaturally acute eyesight. (SInv)
You cover ground quickly. (Speed+)
You are covered in thick fur. (AC +2)
Your paws help you pounce on unaware monsters.
You are incapable of wielding weapons or throwing items.
You cannot wear armour.
You gain extra lives every three experience levels.


Message History

Your quokka bites the orc.
The orc dies!
You swap places.
There is a stone staircase leading down here.
You climb downwards.
Your summoned allies are left behind.
There is a stone staircase leading up here.
You start resting.
Magic restored.
You climb upwards.
There is a stone staircase leading down here.
Okay, then.
(D) Dungeon
Where to? (Enter - D:3, ? - help)
You see here a +0 war axe.
A bat is nearby!
A bat is nearby!
A bat is nearby!
Casting: Summon Small Mammal (safe; 1% risk of failure)
Confirm with . or Enter, or press ? or * to list all spells.
Casting: Call Canine Familiar (quite dangerous; 3% risk of failure)
Confirm with . or Enter, or press ? or * to list all spells.
A tiny devil pulls itself out of the air.
You swap places.
The bat closely misses you. The bat completely misses you.
Casting: Call Imp (safe; 1% risk of failure)
Confirm with . or Enter, or press ? or * to list all spells.
The bat barely misses you.
The centaur shoots an arrow.
The arrow hits you! The bat barely misses your rat.
The centaur shoots an arrow.
The arrow hits you.
* * * LOW HITPOINT WARNING * * *
The bat barely misses your rat. The orc hits your rat with a +0 club.
Your rat dies!
Your rat's corpse disappears in a puff of smoke!
Unknown command.
Casting: Summon Small Mammal (safe; 1% risk of failure)
Confirm with . or Enter, or press ? or * to list all spells.
A guardian golem appears, shielding your allies.
The bat barely misses you. The bat closely misses you.
The centaur shoots an arrow.
The arrow hits you!
Ouch! That really hurt!
You die...

#....h....##.#
#..b......#
#.........##
#.c........#
#.#........#
#.#.o......#
###.#§.......#
#...b...?..#.#
.#@##...#§....
#5#.###..#.#.#.###
#9.# #..)#.#....
#..# .#.. #####
#..## #..... #
#...###......# ###
#......# #.. ..)
#...#.## #.. ###
#...).# ..c #


You could see a centaur, a bat, a friendly guardian golem (summoned) and a
friendly cerulean imp (summoned, sheltered).

Vanquished Creatures (collateral kills)
  An ice beast (D:5)
  A hound (D:5)
  2 jellies (D:5)
  An orc priest (D:4)
  2 orc wizards (D:3)
  2 gnolls (D:5)
  4 adders
  A worm (D:4)
  17 orcs
  3 ball pythons
  3 endoplasms
  3 giant cockroaches
  8 goblins
  5 hobgoblins
  5 jackals (D:1)
  3 quokkas
  4 bats
  2 frilled lizards
  6 kobolds
  4 rats
  A spectral hobgoblin (D:1)
78 creatures vanquished.

Vanquished Creatures (others)
  A bullfrog (D:5)
  An orc priest (D:3)
  2 gnolls (D:5)
  An orc (D:3)
5 creatures vanquished.

Grand Total: 83 creatures vanquished

Notes
Turn   | Place    | Note
-------+----------+-------------------------------------------
     0 | D:1      | NinjaNoafa the Felid Summoner began the quest for the Orb.
     0 | D:1      | Reached XP level 1. HP: 7/7 MP: 4/4
   264 | D:1      | Reached XP level 2. HP: 11/11 MP: 3/6
   267 | D:1      | Learned a level 2 spell: Call Imp
   358 | D:1      | Found a faded altar of an unknown god.
  1356 | D:2      | Reached XP level 3. HP: 8/14 MP: 1/8
  1360 | D:2      | Learned a level 3 spell: Call Canine Familiar
  1476 | D:2      | Upgraded the game from 0.30-a0-1112-gfb780f5df6 to
                  | 0.30-a0-1114-gd936c97349
  1851 | D:3      | Reached skill level 5 in Summonings
  1851 | D:3      | Reached XP level 4. HP: 18/18 MP: 2/10
  2260 | D:3      | Noticed a centaur
  2345 | D:3      | Learned a level 3 spell: Summon Guardian Golem
  2420 | D:3      | Reached skill level 1 in Hexes
  2420 | D:3      | Reached XP level 5. HP: 21/21 MP: 3/11
  2512 | D:3      | Shot with an arrow by a centaur
  2513 | D:3      | Reached XP level 4. HP: -2/18 MP: 1/10
  2749 | D:4      | Found Syreinn's Neck Hole.
  2829 | D:4      | Reached XP level 5. HP: 17/21 MP: 4/11
  3346 | D:5      | Entered Level 5 of the Dungeon
  3347 | D:5      | Noticed an ice beast
  3374 | D:5      | Killed an ice beast
  3392 | D:5      | Gained mutation: You are covered in thick fur. (AC +2)
                  | [Felid growth]
  3392 | D:5      | Reached XP level 6. HP: 24/24 MP: 5/13
  3514 | D:5      | Got the Volume of the Fairies and Apparitions
  3586 | D:5      | Reached skill level 6 in Summonings
  3772 | D:3      | Shot with an arrow by a centaur

Illustrated notes

Levels and vault maps discovered:
D:1:      dpeg_arrival_water_temple_mockup, layout_loops_corners,
          dreamdust_ecumenical_altar_drowned_temple, minivault_19
D:2:      layout_loops_corners
D:3:      layout_loops_ring
D:4:      layout_basic, nicolae_shop_sticking_my_neck_out
D:5:      layout_rooms

Skill      XL: |  1  2  3  4  5  6 |
---------------+-------------------+-----
Spellcasting   | 3 4 |  4.6
Summonings     | 5 6 |  6.1
Hexes          | 2 3 4 |  4.5
Dodging        | |  2.6
Stealth        | |  2.6

Action                     |  1- 3 |  4- 6 || total
---------------------------+-------+-------++-------
   Cast: Summon Small Mamm |    33 |    24 ||    57
         Call Imp          |     9 |    16 ||    25
         Call Canine Famil |     4 |    15 ||    19
         Summon Guardian G |       |     6 ||     6
 Armour: Skin              |       |     1 ||     1
  Dodge: Dodged            |    11 |    19 ||    30

Table legend: (Time is in decaauts)
 A = Elapsed time spent in this place.
 B = Non-inter-level travel time spent in this place.
 C = Inter-level travel time spent in this place.
 D = Time resting spent in this place.
 E = Time spent auto-exploring this place.
 F = Levels seen in this place.
 G = Mean time per level.
                   A        B        C        D        E       F      G
               +--------+--------+--------+--------+--------+-----+--------+
         Total |   3177 |   2989 |    188 |     93 |   2008 |   5 |  635.4 |
       Dungeon |   3177 |   2989 |    188 |     93 |   2008 |   5 |  635.4 |
               +--------+--------+--------+--------+--------+-----+--------+

Top non-repeatable levels by time:
     D:1: 795 daAuts
     D:4: 755 daAuts
     D:2: 696 daAuts
     D:3: 681 daAuts
     D:5: 248 daAuts
